 Dungeon Crawl Stone Soup version 0.30-a0-389-g8d7d949f56 (webtiles) character file.

Game seed: 13805559835750177115

149 p00ps00p the Trooper (level 5, 0/47 HPs)
             Began as a Hill Orc Fighter on Dec 3, 2022.
             Slain by a howler monkey (7 damage)
             ... on level 3 of the Dungeon on Dec 4, 2022.
             The game lasted 00:05:33 (2290 turns).

p00ps00p the Trooper (Hill Orc Fighter)             Turns: 2290, Time: 00:05:33

Health: 0/47       AC:  1    Str: 21    XL:     5   Next: 31%
Magic:  5/5        EV: 10    Int:  8    God:
Gold:   43         SH:  4    Dex: 10    Spells: 4/4 levels left

rFire   . . .      SeeInvis .    a - +0 war axe
rCold   . . .      Faith    .    c - +0 buckler
rNeg    . . .      Spirit   .    (no body armour)
rPois   .          Reflect  .    (no helmet)
rElec   .          Harm     .    h - +0 cloak
rCorr   .          Rampage  .    (no gloves)
Will    .....                    (no boots)
Stlth   +.........               (no amulet)
HPRegen 0.27/turn                (no ring)
MPRegen 0.09/turn                (no ring)

@: lethally poisoned (0 -> -1)
A: no striking features
a: no special abilities


You were on level 3 of the Dungeon.
You visited 1 branch of the dungeon, and saw 3 of its levels.

You collected 43 gold pieces.

Inventory:

Hand Weapons
 a - a +0 war axe (weapon)
Armour
 b - a +0 scale mail
 c - a +0 buckler (worn)
 h - a +0 cloak (worn)
 n - a +0 plate armour
Wands
 i - a wand of flame (14)
 l - a wand of light (12)
Scrolls
 f - 2 scrolls of enchant weapon {unknown}
 p - a scroll of identify
 q - a scroll of amnesia {unknown}
Potions
 d - a potion of might
 e - 2 potions of curing
 g - a potion of mutation
 j - a potion of flight {unknown}
 k - a potion of brilliance {unknown}
 m - a potion of cancellation {unknown}
 o - a potion of heal wounds {unknown}


   Skills:
 + Level 4.6 Fighting
 + Level 4.2 Axes
 + Level 4.2 Armour
 + Level 4.3 Shields


You had 4 spell levels left.
You didn't know any spells.
Your spell library contained the following spells:

 Spells                   Type           Power      Damage    Failure   Level
 Beastly Appendage        Tmut           0%         N/A       50%         1
 Sandblast                Erth           0%         2d4       50%         1
 Passwall                 Tmut/Erth      0%         N/A       63%         2
 Static Discharge         Conj/Air       0%         2-2/arc   63%         2
 Wereblood                Tmut           0%         N/A       63%         2
 Dazzling Flash           Conj/Hex       0%         N/A       86%         3
 Spider Form              Tmut/Pois      0%         N/A       86%         3
 Stone Arrow              Conj/Erth      0%         3d7       86%         3
 Vhi's Electric Charge    Tloc/Air       0%         N/A       86%         3
 Iskenderun's Mystic Bla  Conj/Tloc      0%         2d3       99%         4
 Arcjolt                  Conj/Air       0%         1d10      100%        5
 Lightning Bolt           Conj/Air       0%         1d11      100%        5
 Starburst                Conj/Fire      0%         6d3       100%        6


Dungeon Overview and Level Annotations

Branches:
Dungeon (3/15)

Altars:
Elyvilon


Message History

There is an open door here.
An adder comes into view.
An adder is nearby!
An adder is nearby!
An adder is nearby!
A howler monkey comes into view.
The adder hisses angrily.
An orc comes into view. It is wielding a +0 flail.
The howler monkey hoots and howls with incredible vigour!
The adder bites you.
Found a stone staircase leading up.
The adder bites you.
You are poisoned.
The adder poisons you!
You barely miss the adder. You hit the orc.
You feel sick.
The adder closely misses you. x2; The orc closely misses you.
You closely miss the adder. You hit the orc.
You kill the orc!
You feel sick. The adder bites you. x2
You are more poisoned.
The adder poisons you!
The howler monkey hoots and howls with incredible vigour!
You slash the adder!
You kill the adder!
You completely miss the howler monkey.
You feel very sick. The howler monkey hits you.
You feel sick.
The howler monkey hoots and howls with incredible vigour!
You hit the howler monkey.
The howler monkey is lightly wounded.
You feel sick. The howler monkey hits you! The howler monkey hits you.
You hit the howler monkey.
The howler monkey is lightly wounded.
You feel sick. The howler monkey closely misses you.
The howler monkey hits you!
* * * LOW HITPOINT WARNING * * *
You closely miss the howler monkey.
The howler monkey is lightly wounded.
You feel sick. The howler monkey hits you!
You die...

#.##...#######§.§.§.....
#.##...# #§P§.......
#......# ##.........
####.### ##....#..[ #.#
#....#### #.# #..... #
#.#### #...(. #
#....########...
####@h.........
#...........
#...........
#...........
##<##....... ## .......
....... .......


You could see a howler monkey.

Vanquished Creatures
  Jessica (D:2)
  5 adders
  2 worms
  2 dart slugs
  An orc (D:3)
  6 bats
  5 endoplasms
  2 giant cockroaches
  8 goblins
  8 hobgoblins
  7 jackals
  A quokka (D:1)
  5 ball pythons
  4 frilled lizards
  5 kobolds
  3 rats
65 creatures vanquished.

Vanquished Creatures (others)
  A withered plant (D:3)
1 creature vanquished.

Grand Total: 66 creatures vanquished

Notes
Turn   | Place    | Note
-------+----------+-------------------------------------------
     0 | D:1      | p00ps00p the Hill Orc Fighter began the quest for the Orb.
     0 | D:1      | Reached XP level 1. HP: 19/19 MP: 1/1
   131 | D:1      | Reached XP level 2. HP: 27/27 MP: 2/2
   683 | D:1      | Reached XP level 3. HP: 33/33 MP: 3/3
   859 | D:2      | Found a white marble altar of Elyvilon.
  1199 | D:2      | Noticed Jessica
  1206 | D:2      | Killed Jessica
  1207 | D:2      | Reached XP level 4. HP: 31/41 MP: 4/4
  1900 | D:3      | Reached XP level 5. HP: 25/47 MP: 5/5
  2290 | D:3      | Slain by a howler monkey

Illustrated notes

Levels and vault maps discovered:
D:1:      heliophobic_arrival_enchanted_forest, layout_basic
D:2:      layout_loops_cross, basic_altar, nicolae_elevator_lobby_plus,
          uniq_jessica
D:3:      layout_basic, lemuel_blue_sif_altar, serial_undead, serial_undead_e,
          serial_undead_f, serial_undead_b, serial_undead_f, serial_undead_d,
          serial_undead_a, gammafunk_ghost_gnarly_gnolls, minmay_misc_feat_rows,
          minmay_snake_closets

Skill      XL: |  1  2  3  4 |
---------------+-------------+-----
Axes           | 3 4 |  4.2
Fighting       | 4 |  4.6
Shields        | 4 |  4.3
Armour         | 4 |  4.2

Action                   |  1- 3 |  4- 6 || total
-------------------------+-------+-------++-------
Melee: War axe           |   108 |    92 ||   200
  Use: Scroll            |     5 |       ||     5
Armor: Scale mail        |    26 |       ||    26
       Skin              |    10 |     9 ||    19
Dodge: Dodged            |    52 |    62 ||   114
Block: Buckler           |    31 |    14 ||    45

Table legend: (Time is in decaauts)
 A = Elapsed time spent in this place.
 B = Non-inter-level travel time spent in this place.
 C = Inter-level travel time spent in this place.
 D = Time resting spent in this place.
 E = Time spent auto-exploring this place.
 F = Levels seen in this place.
 G = Mean time per level.
                   A        B        C        D        E       F      G
               +--------+--------+--------+--------+--------+-----+--------+
         Total |   2363 |   2276 |     87 |     43 |   1557 |   3 |  787.7 |
       Dungeon |   2363 |   2276 |     87 |     43 |   1557 |   3 |  787.7 |
               +--------+--------+--------+--------+--------+-----+--------+

Top non-repeatable levels by time:
     D:2: 1054 daAuts
     D:1: 811 daAuts
     D:3: 497 daAuts
